 Dungeon Crawl Stone Soup version 0.31-a0-986-g5e6e4ef867 (webtiles) character file.

Game seed: 3146482596028503592

8193 Persephone the Severer (level 11, -1/60 HPs)
             Began as a Gargoyle Fighter on Nov 7, 2023.
             Was a Follower of the Shining One.
             Killed by the air
             ... invoked by Gastronok
              (20 damage)
             ... on level 10 of the Dungeon.
             The game lasted 00:13:30 (10717 turns).

Persephone the Severer (Gargoyle Fighter)          Turns: 10717, Time: 00:13:31

Health: -1/60      AC: 26    Str: 23    XL:     11   Next: 27%
Magic:  10/11      EV:  7    Int: 16    God:    the Shining One [*.....]
Gold:   471        SH: 17    Dex:  9    Spells: 10/10 levels left

rFire   . . .        a - +0 war axe
rCold   + . .        q - +0 tower shield
rNeg    + . .        e - +7 Kryia's mail coat {PotionHeal*2 rC+}
rPois   ∞            L - +1 hat
rElec   +            b - +1 cloak
rCorr   +            F - +0 pair of gloves of Boeg {rElec}
SInv    .            (no boots)
Will    .....        (no amulet) Stlth
                     o - +6 ring of intelligence
HPRegen 0.30/turn    s - ring of resist corrosion
MPRegen 0.12/turn

%: no passive effects
@: mighty, divinely shielded, glowing
A: sickness immunity, AC +8, negative energy resistance 1, electricity
resistance, torment resistance 1, petrification resistance
a: Renounce Religion, Divine Shield


You were on level 10 of the Dungeon.
You worshipped the Shining One.
The Shining One was aware of your devotion.
You visited 1 branch of the dungeon, and saw 10 of its levels.
You also visited: Ossuary.

You collected 693 gold pieces.
You spent 222 gold pieces at shops.

Inventory:

Hand Weapons
 a - a +0 war axe (weapon)
Missiles
 l - 2 throwing nets
 C - 2 javelins
 J - 11 boomerangs
Armour
 b - a +1 cloak (worn)
 e - the +7 Kryia's mail coat (worn) {PotionHeal*2 rC+}
   (You found it on level 5 of the Dungeon)

   PotionHeal*2: Potions heal its wearer twice as much.
   rC+:       It protects you from cold.
 q - a +0 tower shield (worn)
 F - the +0 pair of gloves of Boeg (worn) {rElec}
   (You bought it in a shop on level 7 of the Dungeon)

   rElec:     It insulates you from electricity.
 L - a +1 hat (worn)
Jewellery
 c - a ring of ice
 o - a +6 ring of intelligence (left hand)
 s - a ring of resist corrosion (right hand)
 w - a ring of magical power
Wands
 d - a wand of polymorph (10)
 h - a wand of flame (12)
 y - a wand of acid (8)
 z - a wand of iceblast (13)
 I - a wand of digging (5)
 K - a wand of mindburst (10)
Scrolls
 f - 4 scrolls of revelation
 i - 4 scrolls of noise
 k - a scroll of immolation
 m - 2 scrolls of fear
 n - 5 scrolls of blinking
 p - a scroll of poison {unknown}
 r - 6 scrolls of teleportation
 D - 2 scrolls of enchant weapon {unknown}
 E - 5 scrolls of identify
 G - a scroll of brand weapon {unknown}
Potions
 g - 2 potions of curing
 j - a potion of degeneration {unknown}
 t - 5 potions of magic
 u - a potion of invisibility {unknown}
 v - 3 potions of resistance {unknown}
 x - a potion of might
 A - a potion of attraction {unknown}
 B - a potion of enlightenment {unknown}
 H - a potion of haste {unknown}


   Skills:
 - Level 3.8 Fighting
 * Level 15.3 Axes
 - Level 3.8 Armour
 - Level 3.8 Shields


You had 10 spell levels left.
You didn't know any spells.
Your spell library contained the following spells:

 Spells                   Type           Power      Damage    Failure   Level
 Dazzling Flash           Conj/Hex       0%         N/A       100%        3
 Frozen Ramparts          Ice            0%         1d1       100%        3
 Volatile Blastmotes      Fire/Tloc      0%         2d10      100%        3
 Petrify                  Tmut/Erth      0%         N/A       100%        4
 Irradiate                Conj/Tmut      0%         3d11      100%        5
 Metabolic Englaciation   Hex/Ice        0%         N/A       100%        5
 Starburst                Conj/Fire      0%         6d3       100%        6
 Maxwell's Capacitive Co  Air            0%         ∞         100%        8
 Sublimation of Blood     Necr           Unusable   N/A       N/A         2

Dungeon Overview and Level Annotations

Branches:
Dungeon (10/15)            Temple (0/1) D:4            Lair (0/5) D:8
    Orc (0/2) D:10        Ossuary (visited)

Altars:
Cheibriados
Dithmenos
Elyvilon
Gozag
Makhleb
Okawaru
Sif Muna
Vehumet
Wu Jian
Xom
Yredelemnul
The Shining One

Shops:
D:7 [

Annotations:
D:10 1 transporter, Gastronok; IdlyInterested's ghost, journeyman DsSh


Innate Abilities, Weirdness & Mutations

You are immune to sickness and miasma.
Your stone body is resilient. (AC +8)
You are immune to poison.
You resist negative energy. (rN+)
You are resistant to electric shocks. (rElec)
You are resistant to unholy torment.
You are immune to petrification.


Message History

Gastronok is lightly wounded.
Gastronok bites you!!
You slash Gastronok!
Gastronok is lightly wounded.
You hit Gastronok.
Gastronok is lightly wounded.
You block Gastronok's attack.
You hit Gastronok.
Gastronok is lightly wounded.
You hit Gastronok.
Gastronok is lightly wounded.
Gastronok bites you!
You hit Gastronok.
Gastronok is moderately wounded.
You slice Gastronok!!
Gastronok is moderately wounded.
Gastronok bites you!
* * * LOW HITPOINT WARNING * * *
You hit Gastronok but do no damage.
Gastronok is moderately wounded.
The +7 Kryia's mail coat enhances the healing.
You feel better. You block Gastronok's attack.
You feel very mighty all of a sudden.
You slash Gastronok!
Gastronok is moderately wounded.
Gastronok waves his eye-stalks in wide circles.
The air twists around and strikes you!!
* * * LOW HITPOINT WARNING * * *
You hit Gastronok.
Gastronok is heavily wounded.
The +7 Kryia's mail coat enhances the healing.
You feel better. Gastronok bites you but does no damage.
You completely miss Gastronok.
Gastronok is moderately wounded.
You hit Gastronok.
Gastronok is heavily wounded.
Gastronok waves his eye-stalks in wide circles.
The air twists around and strikes you!!
You die...
Gastronok gurgles, "Let's see if you taste as good as that wizard did."

#........##
#........# .#
#........# .#
#........# .#
#........# .#
#........# .#
#........# r#
#........##w#
####......@.#
#.######## #.
#. #.


You could see Gastronok and a river rat (summoned).

Vanquished Creatures
  A two-headed ogre (D:8)
  A boulder beetle (D:8)
  A skeletal warrior (D:8)
  Prince Ribbit (D:5)
  A spriggan (D:10)
  Eustachio (D:5)
  4 wraiths
  8 yaks
  3 steam dragons
  Menkaure (D:6)
  An acid dragon (D:8)
  An orc warrior (D:9)
  A black bear (D:6)
  An ogre (D:6)
  5 ice beasts
  2 centaurs
  2 phantoms
  A kobold brigand (D:5)
  5 bullfrogs
  An elf zombie (D:4)
  2 elf skeletons (D:4)
  2 scorpions
  4 wights (Ossuary)
  11 killer bees
  5 howler monkeys
  A human zombie (D:4)
  A gnoll bouda (D:6)
  3 hounds
  2 human skeletons (D:4)
  3 orc priests (D:7)
  3 sleepcaps
  2 jellies
  Jessica (D:2)
  4 iguanas (D:6)
  10 orc wizards
  Robin (D:4)
  10 adders
  4 gnolls (D:6)
  A white imp (D:5)
  A worm (D:3)
  25 orcs
  5 ball pythons
  3 bats
  5 endoplasms
  3 giant cockroaches
  13 goblins
  12 hobgoblins
  3 jackals (D:2)
  9 kobolds
  4 quokkas
  2 frilled lizards
  A hobgoblin skeleton (Ossuary)
  A hobgoblin zombie (Ossuary)
  2 kobold zombies (Ossuary)
  An orc skeleton (Ossuary)
  3 orc zombies (Ossuary)
  6 rats
211 creatures vanquished.

Notes
Turn   | Place    | Note
-------+----------+-------------------------------------------
     0 | D:1      | Persephone the Gargoyle Fighter began the quest for the
                  | Orb.
     0 | D:1      | Reached XP level 1. HP: 14/14 MP: 1/1
    44 | D:1      | Reached skill level 2 in Axes
    89 | D:1      | Reached XP level 2. HP: 17/19 MP: 2/2
   286 | D:1      | Reached skill level 3 in Axes
   363 | D:1      | Found a faded altar of an unknown god.
   374 | D:1      | Reached XP level 3. HP: 23/23 MP: 3/3
   549 | D:2      | Noticed Jessica
   562 | D:2      | Killed Jessica
   563 | D:2      | Reached XP level 4. HP: 28/28 MP: 4/4
   918 | D:2      | Reached skill level 4 in Axes
   944 | D:2      | Found a radiant altar of Vehumet.
  1830 | D:3      | Reached XP level 5. HP: 32/32 MP: 2/5
  2107 | D:4      | Noticed Robin
  2115 | D:4      | Reached skill level 5 in Axes
  2117 | D:4      | Killed Robin
  2191 | D:4      | Found an ornate altar of the Wu Jian Council.
  2300 | D:4      | Reached XP level 6. HP: 32/37 MP: 0/6
  2397 | D:4      | Reached skill level 6 in Axes
  2400 | D:4      | Found a sand-covered staircase.
  2413 | Ossuary  | Entered an ossuary
  2646 | Ossuary  | Reached XP level 7. HP: 36/41 MP: 5/7
  2716 | Ossuary  | Noticed a flying skull
  2716 | Ossuary  | Noticed a wraith
  2725 | Ossuary  | Noticed a flying skull
  2749 | Ossuary  | Noticed a flying skull
  2759 | Ossuary  | Noticed a wraith
  2777 | Ossuary  | Killed a wraith
  2778 | Ossuary  | Reached skill level 7 in Axes
  2870 | Ossuary  | Noticed a flying skull
  2876 | Ossuary  | Noticed a wraith
  2888 | Ossuary  | Killed a wraith
  2889 | Ossuary  | Reached skill level 8 in Axes
  2967 | Ossuary  | Reached XP level 8. HP: 45/46 MP: 3/8
  3252 | D:4      | Identified the +0 leather armour of Meaghup {Harm Will++}
  3324 | D:4      | Identified the +0 leather armour of Utah {+Blink rC+}
  3483 | D:4      | Reached skill level 9 in Axes
  3639 | D:4      | Found a staircase to the Ecumenical Temple.
  3674 | D:4      | Found a white marble altar of Elyvilon.
  3674 | D:4      | Found a burning altar of Makhleb.
  3683 | D:4      | Found a basalt altar of Yredelemnul.
  3686 | D:4      | Found a glowing golden altar of the Shining One.
  3689 | D:4      | Found a snail-covered altar of Cheibriados.
  4045 | D:4      | Became a worshipper of the Shining One
  4112 | D:5      | Identified the "Penybisch"
  4112 | D:5      | Identified the of Koot
  4112 | D:5      | Identified the of Roujol
  4112 | D:5      | Entered Level 5 of the Dungeon
  4112 | D:5      | Noticed Prince Ribbit
  4125 | D:5      | Found the +7 Kryia's mail coat {PotionHeal*2 rC+}
  4145 | D:5      | HP: 2/46 [Prince Ribbit (3)]
  4326 | D:5      | Found an iron altar of Okawaru.
  4336 | D:5      | Killed Prince Ribbit
  4506 | D:5      | Reached skill level 10 in Axes
  4676 | D:5      | Reached XP level 9. HP: 50/51 MP: 2/9
  4979 | D:5      | Found a shimmering blue altar of Sif Muna.
  5018 | D:5      | Noticed Eustachio
  5109 | D:5      | Killed Eustachio
  5544 | D:6      | Reached skill level 11 in Axes
  6369 | D:6      | Noticed Menkaure
  6375 | D:6      | Killed Menkaure
  6752 | D:6      | Reached skill level 12 in Axes
  7231 | D:7      | Reached * piety under the Shining One
  7350 | D:7      | Reached XP level 10. HP: 42/56 MP: 0/10
  7564 | D:7      | Found a shimmering altar of Xom.
  7690 | D:7      | Found Wonn's Armour Shop.
  7699 | D:7      | Found a shadowy altar of Dithmenos.
  7701 | D:7      | Bought the +0 pair of gloves of Boeg {rElec} for 222 gold
                  | pieces
  8006 | D:8      | Noticed a two-headed ogre
  8018 | D:8      | Killed a two-headed ogre
  8019 | D:8      | Reached skill level 13 in Axes
  8199 | D:8      | Found a staircase to the Lair.
  8624 | D:8      | Noticed a boulder beetle
  8648 | D:8      | HP: 1/56 [boulder beetle (17)]
  8674 | D:8      | Killed a boulder beetle
  8675 | D:8      | Reached skill level 14 in Axes
  8756 | D:8      | Noticed a skeletal warrior
  8776 | D:8      | Killed a skeletal warrior
  8960 | D:8      | Reached XP level 11. HP: 40/60 MP: 11/11
  8975 | D:8      | Reached skill level 15 in Axes
  9656 | D:9      | Found a radiant altar of Vehumet.
 10509 | D:10     | Entered Level 10 of the Dungeon
 10517 | D:10     | Found an opulent altar of Gozag.
 10547 | D:10     | Found a transporter.
 10550 | D:10     | Noticed IdlyInterested's ghost (journeyman DsSh)
 10679 | D:10     | Found a staircase to the Orcish Mines.
 10698 | D:10     | Noticed Gastronok
 10713 | D:10     | HP: 3/60 [Gastronok/the air (21)]
 10717 | D:10     | Killed from afar by Gastronok

Illustrated notes

Levels and vault maps discovered:
D:1:      lemuel_arrival_broad_hall, layout_rooms,
          shapermc_ecumenical_altar_pompeii
D:2:      layout_basic, basic_altar, uniq_jessica
D:3:      layout_rooms
D:4:      layout_gridville, chequers_temple_overflow_minitemple,
          nicolae_wu_jian_immortal_techniques,
          minmay_temple_entry_enclosed_plants, nicolae_ossuary_entry_catacombs,
          uniq_robin
D:5:      layout_loops_ring, nicolae_sif_muna_little_library,
          kennysheep_okawaru_gauntlet, lexackson_kobold_supper, uniq_eustachio,
          uniq_prince_ribbit1
D:6:      layout_layer_cave, uniq_menkaure
D:7:      layout_cave_pools, kennysheep_mini_moat,
          mainiacjoe_overflow_cross_hatched, serial_shops, shop, minivault_11,
          glass_columns_a, hangedman_abyss_or_decor_lesser_grid
D:8:      layout_loops_ring, lair_entry_dummy, minmay_three_doors
D:9:      layout_basic, nicolae_vehumet_altar_sigil
D:10:     layout_basic, nicolae_gozag_seed_capital, orc_0_dummy,
          nzn_ghost_randoct, minmay_misc_feat_four_crosses, the_hattery,
          uniq_gastronok

Skill      XL: |  1  2  3  4  5  6  7  8  9 10 11 |
---------------+----------------------------------+-----
Axes           | 2 3 4 5 6 8 10 12 14 15 | 15.3
Fighting       | |  3.8
Armour         | |  3.8
Shields        | |  3.8

Action                     |  1- 3 |  4- 6 |  7- 9 | 10-12 || total
---------------------------+-------+-------+-------+-------++-------
  Melee: War axe           |    67 |   147 |   350 |   299 ||   863
  Throw: Javelin           |       |       |    32 |       ||    32
 Invoke: Divine Shield     |       |       |       |     3 ||     3
    Use: Potion            |       |     1 |     1 |     8 ||    10
         Scroll            |       |       |    13 |       ||    13
 Armour: Scale mail        |    33 |       |   163 |   230 ||   426
         Chain mail        |    30 |       |       |       ||    30
         Skin              |     4 |       |       |       ||     4
         Plate armour      |       |   115 |   137 |       ||   252
  Dodge: Dodged            |    33 |    15 |    73 |    77 ||   198
  Block: Buckler           |    15 |       |       |       ||    15
         Tower shield      |       |   102 |   226 |   157 ||   485

Table legend: (Time is in decaauts)
 A = Elapsed time spent in this place.
 B = Non-inter-level travel time spent in this place.
 C = Inter-level travel time spent in this place.
 D = Time resting spent in this place.
 E = Time spent auto-exploring this place.
 F = Levels seen in this place.
 G = Mean time per level.
                   A        B        C        D        E       F      G
               +--------+--------+--------+--------+--------+-----+--------+
         Total |  11034 |  10533 |    501 |      0 |   8480 |  11 | 1003.1 |
       Dungeon |  10310 |   9809 |    501 |      0 |   7963 |  10 | 1031.0 |
       Ossuary |    723 |    723 |      0 |      0 |    517 |   1 |  723.0 |
               +--------+--------+--------+--------+--------+-----+--------+

Top non-repeatable levels by time:
     D:6: 1819 daAuts
     D:4: 1765 daAuts
     D:5: 1310 daAuts
     D:8: 1278 daAuts
     D:9: 1111 daAuts
     D:2: 819 daAuts
     D:7: 786 daAuts
 Ossuary: 723 daAuts
     D:3: 669 daAuts
     D:1: 542 daAuts
    D:10: 208 daAuts
